 Dungeon Crawl Stone Soup version 0.15.1 (webtiles) character file.

17 Kashira the Exhumer (level 2, 0/13 HPs)
             Began as a Felid Death Knight on Sept 17, 2014.
             Was a Follower of Yredelemnul.
             Slain by an adder (4 damage)
             ... on Level 2 of the Dungeon.
             The game lasted 00:04:43 (1088 turns).

Kashira the Exhumer (Felid Death Knight)            Turns: 1088, Time: 00:04:44

HP   0/13        AC  1     Str  9      XL: 2   Next: 44%
MP   1/4         EV 17     Int 12      God: Yredelemnul [*.....]
Gold 59          SH  0     Dex 15      Spells:  0 memorised,  1 level left
Lives: 0, deaths: 0

rFire  . . .     SeeInvis +       - Unarmed
rCold  . . .     Clarity  .     (armour unavailable)
rNeg   . . .     rCorr    .     (shield unavailable)
rPois  .         rRot     .     (helmet unavailable)
rElec  .         Spirit   .     (cloak unavailable)
SustAb .         Warding  .     (gloves unavailable)
rMut   .         Stasis   .     (boots unavailable)
Gourm  .                        (no amulet)
MR     .....                    (no ring)
                                (no ring)

@: quick, not resistant to hostile enchantments, unstealthy
A: paw claws, no armour, no weapons or thrown items, fangs 3, see invisible,
carnivore 3, speed 1, shaggy fur 1, slow metabolism 1, jump 1
a: Jump Attack, Animate Remains, Renounce Religion


You were on level 2 of the Dungeon.
You worshipped Yredelemnul.
Yredelemnul was aware of your devotion.
You were not hungry.

You visited 1 branch of the dungeon, and saw 2 of its levels.

You collected 59 gold pieces.

Inventory:

Comestibles
 c - a meat ration
Scrolls
 a - 3 scrolls of remove curse {unknown}
 e - a scroll of teleportation {unknown}
 f - 3 scrolls of amnesia {unknown}
 g - a scroll of identify {unknown}
 i - a scroll of random uselessness {unknown}
Jewellery
 h - an uncursed amulet of resist mutation {unknown}
Potions
 b - a potion of haste {unknown}
 d - a potion of curing {unknown}


   Skills:
 + Level 2.2 Fighting
 + Level 2.4 Dodging
 + Level 0.4 Stealth
 + Level 2.2 Unarmed Combat
 + Level 3.1 Invocations


You had one spell level left.
You didn't know any spells.

Dungeon Overview and Level Annotations

Branches:
Dungeon (2/15)

Altars:


Innate Abilities, Weirdness & Mutations

You cannot wear armour.
You are incapable of wielding weapons or throwing items.
Your paws have sharp claws.
You have razor-sharp teeth.
You have supernaturally acute eyesight.
You are carnivorous and can eat meat at any time.
You cover ground quickly.
You are covered in fur (AC +1).
You have a slow metabolism.
You can jump attack at a short distance.


Message History

You completely miss the kobold.
The kobold is heavily wounded.
The kobold hits you with a short sword.
An adder comes into view.
You scratch the kobold.
You kill the kobold!
Yredelemnul accepts your kill.
Found a bread ration.
Items here: %% )) a short sword; a club; a kobold corpse; a hobgoblin corpse Use which ability? (? or * to list)
You fail to use your ability.
Use which ability? (? or * to list)
You attempt to give life to the dead...
The dead are walking!
You feel slightly more hungry. The adder barely misses you.
You scratch the adder but do no damage. The adder bites you.
There is a stone staircase leading up here.
The adder bites you.
You die...
Your body rises from the dead as a mindless zombie.

..#%. ......
#....# +######
#..... ......#
#.....####.....#
#.....)Z.......#
#####.####.....#
#. #S....# #.
#@....# #.
#.##### #. #.#
.. #.# ## #.#
..# #.# #.# #.#


You could see an adder.

Vanquished Creatures
  A ball python (D:1)
  A bat (D:1)
  2 giant cockroaches (D:1)
  3 hobgoblins
  4 giant newts (D:1)
  A goblin (D:1)
  3 kobolds
  2 rats (D:1)
17 creatures vanquished.

Vanquished Creatures (collateral kills)
  A giant cockroach (D:1)
1 creature vanquished.

Grand Total: 18 creatures vanquished

Notes
Turn   | Place    | Note
--------------------------------------------------------------
     0 | D:1      | Kashira, the Felid Death Knight, began the quest for the Orb.
     0 | D:1      | Reached XP level 1. HP: 9/9 MP: 2/2
   150 | D:1      | Reached skill level 3 in Invocations
   467 | D:1      | Reached XP level 2. HP: 13/13 MP: 4/4
  1088 | D:2      | Slain by an adder

Action                   || total
-------------------------++-------
Melee: Unarmed           ||    74
Invok: Animate Remains   ||     3
 Abil: Jump Attack       ||     6
  Eat: Chunk             ||     3
